 Dungeon Crawl Stone Soup version 0.29.1 (webtiles) character file.

Game seed: 8349037221942277909

312 Powertoast the Magician (level 6, -1/46 HPs)
             Began as a Djinni Hedge Wizard on Sept 13, 2022.
             Slain by Pikel
             ... wielding a +0 whip of freezing
              (4 damage)
             ... on level 5 of the Dungeon.
             The game lasted 00:18:18 (6093 turns).

Powertoast the Magician (Djinni Hedge Wizard)       Turns: 6093, Time: 00:18:19

Health: -1/46      AC:  3    Str:  9    XL:     6   Next: 71%
Gold:   244        EV: 12    Int: 18    God:
                   SH:  0    Dex: 12

rFire   + + .      SeeInvis .   a - +0 dagger
rCold   x . .      Faith    .   (no shield)
rNeg    . . .      Spirit   .   b - +0 robe
rPois   ∞          Reflect  .   c - +1 hat
rElec   .          Harm     .   (no cloak)
rCorr   .          Rampage  .   (no gloves)
Will    .....                   (boots unavailable)
Stlth   ++........              (no amulet)
HPRegen 0.15/turn               (no ring)
MPRegen 0.00/turn               (no ring)

@: flying
A: sickness immunity, fire resistance 2, cold vulnerability 1, float, innate
caster, HP casting, extra vitality 1
a: no special abilities


You were on level 5 of the Dungeon.
You visited 1 branch of the dungeon, and saw 5 of its levels.

You collected 244 gold pieces.

Inventory:

Hand Weapons
 a - a +0 dagger (weapon)
Armour
 b - a +0 robe (worn)
 c - a +1 hat (worn)
 f - a +0 pair of gloves
 m - a +0 pair of gloves
Magical Staves
 h - a staff of poison
 r - a staff of air
Wands
 g - a wand of roots (11)
Scrolls
 j - 2 scrolls of magic mapping
 k - 2 scrolls of noise {unknown}
 p - a scroll of blinking {unknown}
Potions
 d - a potion of flight {unknown}
 e - 3 potions of curing
 l - a potion of mutation {unknown}
 n - a potion of ambrosia {unknown}
 o - 2 potions of attraction {unknown}
 q - a potion of berserk rage {unknown}
 s - a potion of haste {unknown}


   Skills:
 + Level 3.3 Fighting
 - Level 2.1 Dodging
 - Level 1.5 Stealth
 * Level 4.6 Spellcasting


You couldn't memorise any spells.
You knew the following spells:

 Your Spells              Type           Power      Damage    Failure   Level
a - Magic Dart            Conj           80%        1d7       1%          1
b - Blink                 Tloc           40%        N/A       3%          2
c - Call Imp              Summ           20%        N/A       3%          2
d - Slow                  Hex            80%        N/A       1%          1
e - Conjure Flame         Conj/Fire      20%        6-21      6%          3
f - Mephitic Cloud        Conj/Pois/Air  20%        N/A       6%          3
g - Summon Small Mammal   Summ           80%        N/A       1%          1
h - Passwall              Tmut/Erth      16%        N/A       3%          2
Your spell library was empty.

Dungeon Overview and Level Annotations

Branches:
Dungeon (5/15)
 Temple: D:4-7

Altars:
Uskayaw

Annotations:
D:5 1 runed translucent door, Crazy Yiuf, Pikel


Innate Abilities, Weirdness & Mutations

You are immune to sickness and miasma.
You are immune to poison.
Your flesh is very heat resistant. (rF++)
You are vulnerable to cold. (rC-)
You float through the air rather than walking.
You learn spells naturally, not from books.
Your magical power is your life essence.
You have superior vitality. (+4 MHP)


Message History

Your crimson imp hits the lemure but does no damage.
The lemure hits you!
* * * LOW HITPOINT WARNING * * *
Unknown command.
You hit Pikel but do no damage.
Pikel is almost dead.
The jackal closely misses your crimson imp.
The jackal bites you.
* * * LOW HITPOINT WARNING * * *
The jackal barely misses you.
The jackal bites your crimson imp but does no damage.
Your crimson imp barely misses the jackal.
The lemure hits you!
* * * LOW HITPOINT WARNING * * *
Pikel closely misses you.
You feel much better. The jackal barely misses you.
The jackal bites your crimson imp but does no damage.
Your crimson imp hits the jackal.
Pikel hits you but does no damage. The lemure hits you.
Casting: Mephitic Cloud (dangerous; 6% risk of failure)
Confirm with . or Enter, or press ? or * to list all spells.
Aiming: Magic Dart (safe; 1% risk of failure)
Press: ? - help, Shift-Dir - straight line, f/p - Pikel
Aim: Pikel, wielding a +0 whip of freezing, wearing a +0 robe and carrying a wand of flame (8) (almost dead, confused, 100% to hit)
The magic dart hits Pikel but does no damage.
Pikel is almost dead.
The jackal misses your crimson imp. The jackal closely misses you.
Your crimson imp hits the jackal.
The jackal dies!
The lemure hits you! The jackal bites you. Pikel hits you but does no damage.
You hit Pikel.
Pikel is almost dead.
The jackal bites you.
* * * LOW HITPOINT WARNING * * *
Your crimson imp hits the lemure.
Pikel gestures wildly.
Pikel hits you with a +0 whip of freezing!
* * * LOW HITPOINT WARNING * * *
Pikel freezes you.
You die...

##..## #..#
##....# ##..#
.....## #...#
....## #...# ....#
#...# ....##
#.†.#### ...#.##
##..5...# ####..##
#....5h.# ##..##
#.....@.#
##..###.....K.#
##..##....^.##
###........##
###.........##
###...........#
##......###.......
.....####
...##.... ..####
..## ....


You could see Pikel (confused, ally target), a lemure, a jackal and a friendly
crimson imp (summoned).

Vanquished Creatures
  A lemure (D:5)
  A scorpion (D:5)
  A hound (D:3)
  A gnoll (D:1)
  3 adders
  A white imp (D:5)
  A worm (D:3)
  A dart slug (D:2)
  6 orcs
  4 bats
  4 endoplasms
  5 giant cockroaches
  5 goblins
  4 hobgoblins
  A quokka (D:5)
  10 ball pythons
  3 frilled lizards
  7 kobolds
  3 rats (D:1)
62 creatures vanquished.

Vanquished Creatures (collateral kills)
  A scorpion (D:5)
  A hound (D:4)
  An adder (D:5)
  A dart slug (D:1)
  2 endoplasms (D:1)
  A giant cockroach (D:2)
  A goblin (D:2)
  A jackal (D:5)
  A quokka (D:2)
10 creatures vanquished.

Grand Total: 72 creatures vanquished

Notes
Turn   | Place    | Note
-------+----------+-------------------------------------------
     0 | D:1      | Powertoast the Djinni Hedge Wizard began the quest for the
                  | Orb.
     0 | D:1      | Powertoast set off with the following spells memorised:
                  | Magic Dart, Blink, Call Imp, Slow, Conjure Flame, Mephitic
                  | Cloud.
     0 | D:1      | Reached XP level 1. HP: 15/15 MP: 0/0
   468 | D:1      | Reached skill level 1 in Fighting
   468 | D:1      | Reached XP level 2. HP: 14/22 MP: 0/0
   694 | D:1      | Found a faded altar of an unknown god.
   799 | D:1      | Reached XP level 3. HP: 18/27 MP: 0/0
   799 | D:1      | Learned a level 1 spell: Summon Small Mammal
   811 | D:1      | Reached skill level 3 in Spellcasting
  1988 | D:2      | Reached XP level 4. HP: 13/32 MP: 0/0
  3101 | D:2      | Found a hide-covered altar of Uskayaw.
  3421 | D:3      | Reached XP level 5. HP: 31/38 MP: 0/0
  3421 | D:3      | Learned a level 2 spell: Passwall
  4771 | D:4      | Reached skill level 4 in Spellcasting
  5102 | D:5      | Entered Level 5 of the Dungeon
  5803 | D:5      | Reached XP level 6. HP: 34/46 MP: 0/0
  6007 | D:5      | Found a runed translucent door.
  6008 | D:5      | Noticed Crazy Yiuf
  6047 | D:5      | Noticed Pikel
  6090 | D:5      | HP: 2/46 [lemure[Pikel] (8)]
  6093 | D:5      | Slain by Pikel

Illustrated notes

Levels and vault maps discovered:
D:1:      dpeg_arrival_more_subterranean_lakeside_camping, layout_basic,
          ebering_ecumenical_altar_rust, corexii_corridor_pit,
          minmay_misc_feat_more_columns
D:2:      layout_loops_ring, basic_altar, minmay_pentomino_pile
D:3:      layout_loops_corners
D:4:      layout_basic, serial_corexii_hall, corexii_hall_statues_i,
          corexii_hall_statues_x, corexii_hall_statues_x,
          chequers_hall_statues_y, corexii_hall_statues_t,
          chequers_hall_statues_corner_a, ebering_ghost_inner_flame,
          minivault_26, uniq_grinder
D:5:      layout_cave_pods, uniq_pikel, uniq_crazy_yiuf_cottage

Skill      XL: |  1  2  3  4  5 |
---------------+----------------+-----
Fighting       | 1 2 3 |  3.3
Spellcasting   | 3 4 |  4.6
Dodging        | |  2.1
Stealth        | |  1.5

Action                   |  1- 3 |  4- 6 || total
-------------------------+-------+-------++-------
Melee: Dagger            |     8 |    82 ||    90
 Cast: Magic Dart        |    44 |    97 ||   141
       Call Imp          |     8 |    10 ||    18
       Slow              |     7 |     8 ||    15
       Summon Small Mamm |     6 |    11 ||    17
       Mephitic Cloud    |       |    12 ||    12
  Use: Scroll            |     2 |     4 ||     6
       Potion            |       |     1 ||     1
 Stab: Sleeping          |     1 |       ||     1
       Confused          |       |     3 ||     3
Armor: Robe              |     2 |    19 ||    21
Dodge: Dodged            |    17 |    61 ||    78
